 Dungeon Crawl Stone Soup version 0.31-a0-640-g39d97e502b (webtiles) character file.

Game seed: 15187804690268773958

1223 qw the Skirmisher (level 8, -9/51 HPs)
             Began as a Gargoyle Hunter on Aug 27, 2023.
             Mangled by an ogre
             ... wielding a +0 giant club
              (15 damage)
             ... on level 6 of the Dungeon.
             The game lasted 00:02:40 (5613 turns).

qw the Skirmisher (Gargoyle Hunter)                 Turns: 5613, Time: 00:02:40

Health: -9/51      AC: 10    Str: 16    XL:     8   Next: 47%
Magic:  8/8        EV: 12    Int:  9    God:
Gold:   159        SH:  0    Dex: 15    Spells: 7/7 levels left

rFire   + . .        Y - +1 shortbow (drain)
rCold   . . .        (shield currently unavailable)
rNeg    + . .        e - +2 robe {Will+}
rPois   inf          (no helmet)
rElec   +            (no cloak)
rCorr   .            c - +0 pair of gloves
SInv    .            (no boots)
Will    +....        f - amulet of faith
Stlth   ++           a - ring of protection from fire
HPRegen 0.28/turn    (no ring)
MPRegen 0.11/turn

%: faith
@: about to teleport
A: sickness immunity, AC +5, negative energy resistance 1, electricity
resistance, torment resistance 1, petrification resistance
a: no special abilities


You were on level 6 of the Dungeon.
You visited 2 branches of the dungeon, and saw 7 of its levels.
You also visited: Sewer.

You collected 312 gold pieces.
You spent 153 gold pieces at shops.


Innate Abilities, Weirdness & Mutations

You are immune to sickness and miasma.
Your stone body is resilient. (AC +5)
You are immune to poison.
You resist negative energy. (rN+)
You are resistant to electric shocks. (rElec)
You are resistant to unholy torment.
You are immune to petrification.


   Skills:
 - Level 6.1 Fighting
 + Level 9.0 Ranged Weapons
 - Level 1.5 Armour
 - Level 2.0 Dodging
 - Level 1.1 Stealth


You had 7 spell levels left.
You didn't know any spells.
Your spell library was empty.

Inventory:

Hand Weapons
 Y - a +1 shortbow of draining (weapon)
Armour
 c - a +0 pair of gloves (worn)
 e - a +2 robe of willpower (worn)
 m - the +1 robe of Hadjma {-Tele Dex+4}
   (You bought it in a shop on level 3 of the Dungeon)

   Dex+4:     It affects your dexterity (+4).
   -Tele:     It prevents most forms of teleportation.
Jewellery
 a - a ring of protection from fire (left hand)
 f - an amulet of faith (around neck)
 q - an amulet of regeneration
Scrolls
 g - a scroll of identify
 p - 2 scrolls of teleportation
Potions
 b - 2 potions of curing
 d - a potion of might
 h - a potion of resistance
 j - a potion of magic {unknown}
 k - 2 potions of heal wounds
 l - a potion of mutation {unknown}
 n - a potion of brilliance {unknown}
 o - a potion of enlightenment {unknown}
 r - a potion of invisibility {unknown}
 t - a potion of attraction {unknown}

Dungeon Overview and Level Annotations

Branches:
Dungeon (6/15)             Temple (1/1) D:5           Sewer (visited)

Altars:
Ashenzari
Cheibriados
Dithmenos
Fedhas
Gozag
Hepliaklqana
Makhleb
Nemelex Xobeh
Qazlal
Trog
Uskayaw
Vehumet
Wu Jian
Xom
Yredelemnul
Zin
The Shining One

Shops:
D:3 [

Annotations:
D:4 exclusions: goblin and 3 hobgoblins
D:5 3 runed translucent doors, qw's ghost, amateur MiHs


Message History

Found a stone staircase leading down.
A bullfrog comes into view.
Found a stone staircase leading up.
You shoot an arrow. The arrow hits the bullfrog.
You drain the bullfrog.
The bullfrog gives a loud, deep croak!
The bullfrog is lightly wounded.
You hear a shout!
You shoot an arrow.
The arrow hits the bullfrog but does no damage.
The bullfrog is lightly wounded.
An ogre comes into view. It is wielding a +0 giant club.
The ogre shouts!
You shoot an arrow. The arrow hits the bullfrog.
You drain the bullfrog.
The bullfrog is severely wounded.
The bullfrog hits you but does no damage.
You shoot an arrow. The arrow closely misses the bullfrog.
The bullfrog misses you.
You shoot an arrow. The arrow hits the bullfrog!
You kill the bullfrog!
Your Fighting skill increases to level 6!
You shoot an arrow. The arrow hits the ogre.
You drain the ogre.
The ogre is lightly wounded.
You shoot an arrow. The arrow hits the ogre.
The ogre is moderately wounded.
You shoot an arrow. The arrow hits the ogre.
You drain the ogre.
The ogre is heavily wounded.
You shoot an arrow. The arrow hits the ogre.
The ogre is heavily wounded.
The ogre hits you with a +0 giant club!
You shoot an arrow. The arrow hits the ogre.
The ogre is severely wounded.
The ogre hits you with a +0 giant club!
You shoot an arrow. The arrow closely misses the ogre.
You shoot an arrow. The arrow closely misses the ogre.
The ogre hits you with a +0 giant club!!
5613 ||| READING 3 scrolls of teleportation.
As you read the scroll of teleportation, it crumbles to dust.
You feel strangely unstable. The ogre hits you with a +0 giant club!
You die...

..........gg..
.......# ### ###
.......# ..# ..##
. .......#####.#
... ..
........).##.#
#..#.
........#)##.#
....
...####.#....##
..# . ...
#..<#...###O.#....
..
#####.#...@.....<.
.. #.###.#.##...#
#....>#... #
#..####....# ....#
#.### ..#.. .# ..
##


You could see an ogre (very drained).

Vanquished Creatures
  A black bear (D:5)
  2 ogres
  A scorpion (D:5)
  2 bullfrogs (D:6)
  An oklob sapling (D:5)
  A gnoll bouda (D:5)
  An orc priest (D:5)
  A jelly (D:5)
  6 iguanas
  Natasha (thrice) (D:3)
  An orc wizard (D:5)
  13 gnolls
  15 adders
  A white imp (D:6)
  A worm (D:5)
  3 dart slugs
  11 orcs
  8 bats
  10 endoplasms
  7 giant cockroaches
  9 hobgoblins
  2 kobolds
  7 quokkas
  11 ball pythons
  14 frilled lizards
  9 goblins
  4 rats (D:1)
145 creatures vanquished.

Notes
Turn   | Place    | Note
-------+----------+-------------------------------------------
     0 | D:1      | qw the Gargoyle Hunter began the quest for the Orb.
     0 | D:1      | Reached XP level 1. HP: 12/12 MP: 1/1
     0 | D:1      | 0 ||| qw: Version: 0.3-a-74-g56b0e0c
     0 | D:1      | 0 ||| qw: Game counter: 2
     0 | D:1      | 0 ||| qw: Melee chars always use a shield: true
     0 | D:1      | 0 ||| qw: God list: Okawaru
     0 | D:1      | 0 ||| qw: Allow faded altars: false
     0 | D:1      | 0 ||| qw: Do Orc after clearing Dungeon:15 true
     0 | D:1      | 0 ||| qw: Do second Lair branch before Depths: true
     0 | D:1      | 0 ||| qw: Lair rune preference: random
     0 | D:1      | 0 ||| qw: Goals: Normal
     0 | D:1      | 0 ||| PLANNING D:1-11
   149 | D:1      | Reached XP level 2. HP: 17/17 MP: 2/2
   540 | D:1      | Reached XP level 3. HP: 21/21 MP: 3/3
   626 | D:1      | Reached skill level 5 in Ranged Weapons
   806 | D:1      | 806 ||| UPGRADING to +2 robe of willpower.
   816 | D:1      | 816 ||| DROPPING +0 leather armour.
   817 | D:1      | 817 ||| UPGRADING to amulet of faith.
   822 | D:1      | 822 ||| DROPPING ring of wizardry.
   823 | D:1      | 823 ||| READING scroll labelled PUVOFI QILE.
   839 | D:1      | 839 ||| READING 2 scrolls labelled TAOHAR BOIFIDIRCH.
   840 | D:1      | 840 ||| READING scroll labelled NIRUM MYSU.
   841 | D:1      | 841 ||| DROPPING scroll of butterflies.
   939 | D:2      | Reached skill level 3 in Fighting
   959 | D:2      | Found a faded altar of an unknown god.
  1014 | D:2      | Reached XP level 4. HP: 28/28 MP: 4/4
  1140 | D:2      | Found a shimmering altar of Xom.
  1730 | D:2      | 1730 ||| UPGRADING to ring of protection from fire.
  1731 | D:2      | 1731 ||| READING scroll labelled KEORATINAK.
  1732 | D:2      | 1732 ||| READING scroll labelled BOMYAL ICRUEX.
  1733 | D:2      | 1733 ||| DRINKING 2 purple potions.
  1734 | D:2      | 1734 ||| DRINKING 3 golden potions.
  1735 | D:2      | 1735 ||| READING 2 scrolls of identify.
  1735 | D:2      | 1735 ||| IDENTIFYING cyan potion
  1736 | D:2      | 1736 ||| DROPPING potion of degeneration.
  1774 | D:2      | 1774 ||| STAIRDANCE
  1778 | D:2      | 1778 ||| STAIRDANCE
  1782 | D:2      | 1782 ||| STAIRDANCE
  1786 | D:2      | 1786 ||| STAIRDANCE
  1790 | D:2      | 1790 ||| STAIRDANCE
  1794 | D:2      | 1794 ||| STAIRDANCE
  1798 | D:2      | 1798 ||| STAIRDANCE
  1802 | D:2      | 1802 ||| STAIRDANCE
  1806 | D:2      | 1806 ||| STAIRDANCE
  1810 | D:2      | 1810 ||| STAIRDANCE
  1814 | D:2      | 1814 ||| STAIRDANCE
  1818 | D:2      | 1818 ||| STAIRDANCE
  1822 | D:2      | 1822 ||| STAIRDANCE
  1826 | D:2      | 1826 ||| STAIRDANCE
  1830 | D:2      | 1830 ||| STAIRDANCE
  1834 | D:2      | 1834 ||| STAIRDANCE
  1838 | D:2      | 1838 ||| STAIRDANCE
  1842 | D:2      | 1842 ||| STAIRDANCE
  1846 | D:2      | 1846 ||| STAIRDANCE
  1850 | D:2      | 1850 ||| STAIRDANCE
  2170 | D:3      | Reached XP level 5. HP: 25/32 MP: 5/5
  2170 | D:3      | 2170 ||| STAIRDANCE
  2240 | D:3      | Reached skill level 6 in Ranged Weapons
  2278 | D:3      | Found a hazy altar of Hepliaklqana.
  2409 | D:3      | Noticed Natasha
  2421 | D:3      | Killed Natasha
  2786 | D:3      | Noticed Natasha
  2789 | D:3      | 2789 ||| RETREATING.
  2798 | D:3      | 2798 ||| Stepping ~*~*~tactically~*~*~ (retreating).
  2799 | D:3      | 2799 ||| Stepping ~*~*~tactically~*~*~ (retreating).
  2800 | D:3      | 2800 ||| Stepping ~*~*~tactically~*~*~ (retreating).
  2802 | D:3      | 2802 ||| Stepping ~*~*~tactically~*~*~ (retreating).
  2811 | D:3      | Killed Natasha
  2812 | D:3      | Reached XP level 6. HP: 16/38 MP: 6/6
  2924 | D:3      | Found Biypneco's Antique Armour Shoppe.
  2927 | D:3      | 2927 ||| BUYING distressingly furry robe (153 gold).
  2927 | D:3      | Bought a distressingly furry robe for 153 gold pieces
  2927 | D:3      | Identified the +1 robe of Hadjma {-Tele Dex+4} (You bought
                  | it in a shop on level 3 of the Dungeon)
  2927 | D:3      | 2927 ||| SHOPLISTING embroidered robe (99 gold, have 17).
  2927 | D:3      | 2927 ||| SHOPLISTING helmet (121 gold, have 17).
  2988 | D:3      | 2988 ||| UPGRADING to +0 pair of gloves.
  2993 | D:3      | 2993 ||| READING scroll labelled QARPHO SINKUSTRUOMN.
  3033 | D:4      | Found a radiant altar of Vehumet.
  3176 | D:4      | Found a glowing golden altar of the Shining One.
  3275 | D:4      | Reached skill level 7 in Ranged Weapons
  3485 | D:4      | 3485 ||| READING scroll of brand weapon.
  3485 | D:4      | 3485 ||| BRANDING +0 shortbow of flaming.
  3834 | D:4      | 3834 ||| READING 3 scrolls labelled OZAORE FOLUAJE.
  3847 | D:4      | 3847 ||| STAIRDANCE
  3868 | D:3      | Noticed Natasha
  3870 | D:3      | Killed Natasha
  3988 | D:5      | Entered Level 5 of the Dungeon
  3989 | D:5      | 3989 ||| PLANNING SEWER
  3992 | D:5      | 3992 ||| STAIRDANCE
  4027 | D:5      | Found a sand-covered staircase.
  4053 | D:5      | Found a runed translucent gate.
  4053 | D:5      | Found a runed translucent gate.
  4054 | D:5      | Found a runed translucent gate.
  4069 | D:5      | Reached XP level 7. HP: 43/43 MP: 7/7
  4084 | D:5      | Noticed qw's ghost (amateur MiHs)
  4084 | D:5      | Noticed qw's ghost (amateur MiHs)
  4169 | D:5      | Reached skill level 8 in Ranged Weapons
  4182 | D:5      | Found a glowing drain.
  4189 | D:5      | 4189 ||| Stepping ~*~*~tactically~*~*~ (water).
  4191 | D:5      | 4191 ||| Stepping ~*~*~tactically~*~*~ (water).
  4205 | Sewer    | Entered a sewer
  4227 | Sewer    | 4227 ||| Stepping ~*~*~tactically~*~*~ (water).
  4293 | Sewer    | 4293 ||| Stepping ~*~*~tactically~*~*~ (water).
  4358 | Sewer    | 4358 ||| Stepping ~*~*~tactically~*~*~ (water).
  4360 | Sewer    | 4360 ||| Stepping ~*~*~tactically~*~*~ (water).
  4366 | Sewer    | 4366 ||| Stepping ~*~*~tactically~*~*~ (water).
  4455 | Sewer    | 4455 ||| Stepping ~*~*~tactically~*~*~ (water).
  4468 | Sewer    | 4468 ||| READING scroll labelled OJUGEU SUAS.
  4469 | Sewer    | 4469 ||| READING scroll labelled SYASAG MAG MIEV.
  4470 | Sewer    | 4470 ||| DRINKING 2 glowing golden potions.
  4471 | Sewer    | 4471 ||| DRINKING 2 sapphire potions.
  4472 | Sewer    | 4472 ||| DRINKING 2 potions of curing.
  4472 | Sewer    | 4472 ||| (to cure confusion)
  4473 | Sewer    | 4473 ||| READING 2 scrolls of identify.
  4473 | Sewer    | 4473 ||| IDENTIFYING puce potion
  4474 | Sewer    | 4474 ||| DROPPING potion of ambrosia.
  4520 | D:5      | 4520 ||| PLANNING OSSUARY
  4535 | D:5      | 4535 ||| RIP OSSUARY
  4561 | D:5      | 4561 ||| PLANNING D:1-11
  4732 | D:5      | Found a staircase to the Ecumenical Temple.
  4733 | D:5      | 4733 ||| PLANNING TEMPLE
  4757 | D:5      | Reached skill level 1 in Armour
  4776 | Temple   | Entered the Ecumenical Temple
  4777 | Temple   | 4777 ||| PLANNING D:1-11
  4887 | D:5      | Reached XP level 8. HP: 49/49 MP: 8/8
  5203 | D:5      | Reached skill level 9 in Ranged Weapons
  5290 | D:5      | Found a glowing silver altar of Zin.
  5474 | D:5      | 5474 ||| DRINKING 3 green potions.
  5530 | D:5      | 5530 ||| DROPPING 2 potions of lignification.
  5564 | D:6      | 5564 ||| Stepping ~*~*~tactically~*~*~ (outnumbered).
  5566 | D:6      | 5566 ||| RETREATING.
  5606 | D:6      | Reached skill level 6 in Fighting
  5612 | D:6      | HP: 6/51 [ogre/+0 giant club (21)]
  5613 | D:6      | 5613 ||| READING 3 scrolls of teleportation.
  5613 | D:6      | Mangled by an ogre

Levels and vault maps discovered:
D:1:      saegor_arrival_simple_e, layout_basic, minmay_lizard_king
D:2:      layout_basic, basic_altar, hellmonk_ecumenical_altar_leap_of_faith,
          serial_forest, infiniplex_forest_lined_room_2,
          infiniplex_forest_clump_small, infiniplex_forest_clump_curved,
          infiniplex_forest_lined_2, infiniplex_forest_clump_cross,
          infiniplex_forest_lined_1, infiniplex_forest_straight_2,
          infiniplex_forest_corner_1, infiniplex_forest_end_1, nrook_uturn,
          nicolae_concentric_dashed_squares_wild, st_stairs_8,
          minmay_heptomino_d4
D:3:      layout_basic, overflow_temple_1_default, serial_shops,
          nicolae_shop_behind_doors, nicolae_hexahallways, uniq_natasha
D:4:      layout_loops_corners, mainiacjoe_overflow_six_doors_small,
          tso_oasis_becter, minmay_goblin_outpost
D:5:      layout_gridville, zin_academy, minmay_temple_entry_oklob,
          lightli_ossuary_entry_decrepit_ruins, gammafunk_ghost_cemetery,
          portal_sewer_entry_f, nrook_mini_vaults, serial_bayou_lagoon_a
D:6:      layout_basic, elyvilon_altar_1, minmay_fractal_squares_diagonal_5
Temple:   hellmonk_temple_forest_ring

Skill      XL: |  1  2  3  4  5  6  7  8 |
---------------+-------------------------+-----
Ranged Weapons | 5 6 7 8 9 |  9.0
Fighting       | 3 4 5 6 |  6.1
Dodging        | 2 |  2.0
Armour         | 1 |  1.5
Stealth        | |  1.1

Action                     |  1- 3 |  4- 6 |  7- 9 || total
---------------------------+-------+-------+-------++-------
   Fire: Shortbow          |   113 |   203 |   207 ||   523
    Use: Scroll            |     3 |     6 |     4 ||    13
         Potion            |       |     2 |     4 ||     6
 Armour: Leather armour    |     9 |       |       ||     9
         Robe              |    25 |    42 |    26 ||    93
  Dodge: Dodged            |    47 |    57 |    37 ||   141

Table legend:
 A = Non-vault XP
 B = Vault XP
 C = Vault XP percentage of total XP
 D = Non-vault monster count
 E = Vault monster count
 F = Vault count percentage of total count
                 A         B        C        D         E       F
            +---------+---------+-------+---------+---------+-------
      Total |    1546 |     202 |  11.6 |     107 |      38 |  26.2
            +---------+---------+-------+---------+---------+-------
        D:1 |      39 |       6 |  13.3 |      21 |       6 |  22.2
        D:2 |      77 |      19 |  19.8 |      18 |       5 |  21.7
        D:3 |     192 |      35 |  15.4 |      22 |       1 |   4.3
        D:4 |     181 |      10 |   5.2 |      12 |       5 |  29.4
        D:5 |     840 |      69 |   7.6 |      29 |       7 |  19.4
        D:6 |     217 |       0 |   0.0 |       5 |       0 |   0.0
      Sewer |       0 |      63 | 100.0 |       0 |      14 | 100.0
            +---------+---------+-------+---------+---------+-------
